 Dungeon Crawl Stone Soup version 0.24.0-125-gc4c63601f3 (webtiles) character file.

Game seed: 13074235652822644538, levelgen mode: deterministic

163 Freitmort the Conjurer (level 5, -5/28 HPs)
             Began as a Deep Elf Conjurer on Mar 11, 2020.
             Killed from afar by Ijyb (13 damage)
             ... with a puff of flame
             ... on level 3 of the Dungeon.
             The game lasted 00:19:13 (3574 turns).

Freitmort the Conjurer (Deep Elf Conjurer)          Turns: 3574, Time: 00:19:14

Health: -5/28      AC:  2    Str:  6    XL:     5   Next: 20%
Magic:  0/14       EV: 13    Int: 20    God:
Gold:   75         SH:  0    Dex: 17    Spells: 10/13 levels left

rFire    . . .     SeeInvis .   b - +1 short sword
rCold    . . .     Gourm    .   (no shield)
rNeg     . . .     Faith    .   a - +0 robe
rPois    .         Spirit   .   (no helmet)
rElec    .         Reflect  .   g - scarf {repulsion}
rCorr    .         Harm     .   (no gloves)
MR       .....                  (no boots)
Stlth    +++.......             (no amulet)
HPRegen  0.09/turn              (no ring)
MPRegen  0.14/turn              (no ring)

@: drained, repel missiles
A: thin skeletal structure 1, subdued magic 1
a: no special abilities


You were on level 3 of the Dungeon.
You were not hungry.

You visited 1 branch of the dungeon, and saw 3 of its levels.

You collected 75 gold pieces.

Inventory:

Hand Weapons
 b - a +1 short sword (weapon)
Armour
 a - a +0 robe (worn)
 g - a scarf of repulsion (worn)
Jewellery
 f - a +2 ring of evasion {unknown}
Scrolls
 e - 5 scrolls of teleportation
 i - a scroll of magic mapping
 k - 2 scrolls of remove curse
Potions
 h - a potion of heal wounds
 j - a potion of agility
Comestibles
 c - 2 rations


   Skills:
 + Level 2.8(2.2) Dodging
 + Level 3.2(2.6) Stealth
 + Level 4.7(4.0) Spellcasting
 + Level 6.0(5.3) Conjurations


You had 10 spell levels left.
You knew the following spells:

 Your Spells              Type           Power        Failure   Level  Hunger
a - Magic Dart            Conj           ###.         1%          1    None
b - Searing Ray           Conj           ###...       1%          2    #......

Your spell library contained the following spells:

 Spells                   Type           Power        Failure   Level  Hunger
 Dazzling Spray           Conj/Hex       ##....       11%         3    ###....
 Iskenderun's Mystic Bla  Conj           ###.....     12%         4    ####...
 Force Lance              Conj/Tloc      ##......     34%         4    ####...
 Fulminant Prism          Conj/Hex       ##........   34%         4    ####...


Dungeon Overview and Level Annotations

Branches:
Dungeon (3/15)

Altars:
Okawaru

Annotations:
D:3 Ijyb; LraC's ghost, amateur HaHu


Innate Abilities, Weirdness & Mutations

You have a somewhat thin skeletal structure. (Dex +2, Stealth)
Your spells are a little easier to cast, but a little less powerful.


Message History

Aiming: Magic Dart (safe; 1% risk of failure)
Press: ? - help, Shift-Dir - straight line, f/p - Ijyb
Aim: Ijyb, wearing a +0 leather armour and carrying a wand of flame (7) (severely wounded)
The magic dart hits Ijyb.
Ijyb is almost dead.
Ijyb hits you.
* * * LOW HITPOINT WARNING * * *
Casting: Magic Dart (safe; 1% risk of failure)
Confirm with . or Enter, or press ? or * to list all spells.
Aiming: Magic Dart (safe; 1% risk of failure)
Press: ? - help, Shift-Dir - straight line, f/p - Ijyb
Aim: Ijyb, wearing a +0 leather armour and carrying a wand of flame (7) (almost dead)
The magic dart hits Ijyb.
Ijyb is almost dead.
Ijyb barely misses you.
You are already wielding that!
You barely miss Ijyb.
Ijyb is almost dead.
Ijyb zaps a wand.
The puff of flame hits you!
You die...

###################
..............>.@g#
#################?......
............ ......)
...................##.$.
...≈≈≈≈............# ..
#..≈≈≈≈⌠...........# .
#..≈≈≈≈............# #
#................... ..
##................ #.#


You could see Ijyb.

Vanquished Creatures
  A centaur skeleton (D:2)
  2 gnolls (D:3)
  4 adders
  A worm (D:2)
  2 dart slugs (D:3)
  2 orcs (D:3)
  8 bats
  4 giant cockroaches
  8 goblins
  14 hobgoblins
  3 jackals (D:1)
  4 frilled lizards
  8 kobolds
  9 rats
70 creatures vanquished.

Notes
Turn   | Place    | Note
-------+----------+-------------------------------------------
     0 | D:1      | Freitmort the Deep Elf Conjurer began the quest for the
                  | Orb.
     0 | D:1      | Reached XP level 1. HP: 10/10 MP: 6/6
   219 | D:1      | Reached XP level 2. HP: 15/15 MP: 6/8
   467 | D:1      | Reached skill level 5 in Conjurations
   738 | D:1      | Learned a level 2 spell: Searing Ray
   818 | D:1      | Reached XP level 3. HP: 19/19 MP: 7/9
  1472 | D:2      | Found an iron altar of Okawaru.
  1585 | D:2      | Gained mutation: Your spells are a little easier to cast,
                  | but a little less powerful. [potion of mutation]
  1585 | D:2      | Gained mutation: You have a somewhat thin skeletal
                  | structure. (Dex +2, Stealth) [potion of mutation]
  2001 | D:2      | Reached XP level 4. HP: 6/24 MP: 2/11
  2718 | D:3      | Noticed LraC's ghost (amateur HaHu)
  2730 | D:3      | Identified the +2 great mace of a Thousand Mice {flame, rN+
                  | MR+ Str+4}
  2730 | D:3      | Noticed an ogre
  3299 | D:3      | Reached XP level 5. HP: 26/28 MP: 10/14
  3490 | D:3      | Reached skill level 6 in Conjurations
  3557 | D:3      | Noticed Ijyb
  3574 | D:3      | Killed from afar by Ijyb

Levels and vault maps discovered:
D:1:      lightli_arrival_farm, layout_basic, st_stairs_11, kennysheep_boxes
D:2:      layout_basic, okawaru_metal_pillars_3
D:3:      layout_basic, gammafunk_ghost_smash, serial_park_tiny_pond, uniq_ijyb

Skill      XL: |  1  2  3  4  5 |
---------------+----------------+-----
Conjurations   | 5 6 |  6.0
Spellcasting   | 4 |  4.7
Stealth        | 3 |  3.2
Dodging        | |  2.8

Action                   |  1- 3 |  4- 6 || total
-------------------------+-------+-------++-------
Melee: Short sword       |       |     1 ||     1
 Cast: Magic Dart        |   106 |    81 ||   187
       Searing Ray       |     2 |     3 ||     5
  Use: Scroll            |     3 |     6 ||     9
       Potion            |     2 |       ||     2
  Eat: Chunk             |     3 |     2 ||     5
       Ration            |       |     1 ||     1
Armor: Robe              |     6 |     6 ||    12
Dodge: Dodged            |    36 |    10 ||    46
       Deflected         |     1 |       ||     1
